 Dungeon Crawl Stone Soup version 0.18-a0-1343-g48c8f86 (console) character file.

276 Liam the Magician (level 6, -3/32 HPs)
             Began as a Deep Elf Wizard on Feb 16, 2016.
             Slain by a gnoll
             ... wielding a cursed -2 spear
              (11 damage)
             ... on level 4 of the Dungeon.
             The game lasted 00:07:15 (4313 turns).

Liam the Magician (Deep Elf Wizard)                 Turns: 4313, Time: 00:07:15

Health: -3/32      AC:  2    Str:  4    XL:     6   Next: 4%
Magic:  1/16       EV: 12    Int: 25    God:
Gold:   272        SH:  0    Dex: 13    Spells: 5 memorised, 5 levels left

rFire  . . .     SeeInvis .     (no weapon)
rCold  . . .     Gourm    .     a - +0 robe
rNeg   . . .     Faith    .     (no shield)
rPois  .         Spirit   .     b - +0 hat
rElec  .         Dismiss  .     (no cloak)
rCorr  .         Reflect  .     (no gloves)
SustAt .         Harm     .     (no boots)
MR     .....                    (no amulet)
Stlth  ++........               (no ring)
                                (no ring)

@: not resistant to hostile enchantments, unstealthy
A: no striking features
a: no special abilities


You were on level 4 of the Dungeon.
You were not hungry.

You visited 1 branch of the dungeon, and saw 4 of its levels.

You collected 272 gold pieces.

Inventory:

Armour
 a - a +0 robe (worn)
 b - a +0 hat (worn)
Jewellery
 u - an uncursed amulet of guardian spirit
Wands
 l - a wand of disintegration (6/24)
 s - a wand of slowing (32/48)
Scrolls
 e - 2 scrolls of remove curse {unknown}
 f - 3 scrolls of recharging {unknown}
 g - a scroll of fog {unknown}
 h - a scroll of random uselessness {unknown}
 i - a scroll of enchant weapon {unknown}
 n - 2 scrolls of identify {unknown}
 o - a scroll of teleportation {unknown}
 p - a scroll of magic mapping {unknown}
 v - a scroll of immolation {unknown}
Potions
 k - 2 potions of curing {unknown}
 m - 2 potions of brilliance {unknown}
 r - a potion of flight {unknown}
 t - a potion of agility {unknown}
Books
 c - a book of Minor Magic

   Spells                             Type                      Level
   a - Magic Dart                     Conjuration                  1
   b - Blink                          Translocation                2
   c - Call Imp                       Summoning                    2
   d - Repel Missiles                 Charms/Air                   2
   e - Slow                           Hexes                        2
   f - Conjure Flame                  Conjuration/Fire             3
   g - Mephitic Cloud                 Conjuration/Poison/Air       3
Comestibles
 d - 2 bread rations
 j - 2 beef jerkies
 q - a meat ration


   Skills:
 - Level 2.4 Dodging
 - Level 2.4 Stealth
 + Level 5.9 Spellcasting
 * Level 4.1 Conjurations
 + Level 2.0 Charms
   Level 1.1 Summonings
 + Level 1.4 Translocations
 + Level 1.2 Fire Magic
 * Level 1.8 Air Magic
 * Level 1.6 Poison Magic


You had 5 spell levels left.
You knew the following spells:

 Your Spells              Type           Power        Failure   Level  Hunger
a - Magic Dart            Conj           ####         1%          1    None
b - Blink                 Tloc           N/A          10%         2    None
d - Mephitic Cloud        Conj/Pois/Air  ###.....     10%         3    #......
e - Conjure Flame         Conj/Fire      ###.....     10%         3    #......
m - Repel Missiles        Chrm/Air       ###...       8%          2    None


Dungeon Overview and Level Annotations

Branches:
Dungeon (4/15)
 Temple: D:4-7

Altars:
Cheibriados
Makhleb


Message History

Press: ? - help, Shift-Dir - straight line, f/p - hobgoblin
Aim: a hobgoblin, wielding a club (severely wounded)
The magic dart hits the hobgoblin.
You kill the hobgoblin!
The gnoll hits you but does no damage.
Casting: Magic Dart
Confirm with . or Enter, or press ? or * to list all spells.
Aiming: Magic Dart
Press: ? - help, Shift-Dir - straight line, f - hobgoblin
Aim: a hobgoblin, wielding a club The magic dart hits the hobgoblin.
You kill the hobgoblin!
The goblin barely misses you.
The gnoll hits you from afar with a spear.
* * * LOW HITPOINT WARNING * * *
Casting: Magic Dart
Confirm with . or Enter, or press ? or * to list all spells.
You blink.
The gnoll hits you from afar with a spear!
You die...

..............#
..............##+#
...########......#
.^.# #..)...#
...########.)).ยง)#
...........)..##'##
......(....)).#.gg#
..............#...#
###############.@.#
#####


You could see a gnoll and a goblin.

Vanquished Creatures
  4 gnolls
  4 river rats (D:2)
  9 adders
  2 oozes (D:1)
  3 worms
  5 giant geckos
  An orc (D:3)
  2 ball pythons (D:1)
  9 bats
  23 goblins
  15 hobgoblins
  4 quokkas
  3 giant newts
  A jackal skeleton (D:4)
  9 kobolds
  9 rats
103 creatures vanquished.

Vanquished Creatures (others)
  A plant (D:2)
1 creature vanquished.

Grand Total: 104 creatures vanquished

Notes
Turn   | Place    | Note
--------------------------------------------------------------
     0 | D:1      | Liam the Deep Elf Wizard began the quest for the Orb.
     0 | D:1      | Reached XP level 1. HP: 10/10 MP: 7/7
   198 | D:1      | Reached XP level 2. HP: 13/15 MP: 5/9
   421 | D:1      | Reached skill level 5 in Spellcasting
   492 | D:1      | Reached XP level 3. HP: 19/19 MP: 0/11
  1046 | D:2      | Found a burning altar of Makhleb.
  1144 | D:2      | Reached XP level 4. HP: 15/24 MP: 7/13
  1394 | D:2      | Learned a level 2 spell: Blink
  1397 | D:2      | Learned a level 2 spell: Repel Missiles
  1401 | D:2      | Learned a level 3 spell: Conjure Flame
  1405 | D:2      | Learned a level 3 spell: Mephitic Cloud
  2438 | D:3      | Reached skill level 1 in Charms
  2444 | D:3      | Reached skill level 1 in Air Magic
  2444 | D:3      | Reached XP level 5. HP: 28/28 MP: 4/15
  3051 | D:3      | Reached skill level 1 in Poison Magic
  3525 | D:4      | Reached skill level 1 in Fire Magic
  4003 | D:4      | Found a snail-covered altar of Cheibriados.
  4264 | D:4      | Reached XP level 6. HP: 32/32 MP: 9/16
  4313 | D:4      | Slain by a gnoll

Vault maps used:
D:1:      ncdulo_wetmaze, dk_noncrumbling_3, minmay_shallow_snake_nest
D:2:      wad_woods_stonehenge
D:3:      kennysheep_big_flooded_room, nicolae_overflow_hidden_temple
D:4:      minmay_goblin_kobold_castle, marbit_many_paths, first_bread,
          serial_bayou_ford_a

Action                   |  1- 3 |  4- 6 || total
-------------------------+-------+-------++-------
Melee: Unarmed           |     7 |    41 ||    48
 Cast: Magic Dart        |    87 |   183 ||   270
       Blink             |       |    11 ||    11
  Eat: Chunk             |       |    10 ||    10
